 Dungeon Crawl Stone Soup version 0.31-a0-263-ge8cad7f256 (webtiles) character file.

Game seed: 1566378451059435212

884 qw the Skirmisher (level 7, -1/61 HPs)
             Began as a Minotaur Hexslinger on July 13, 2023.
             Slain by a two-headed ogre
             ... wielding a +0 giant club
              (20 damage)
             ... on level 6 of the Dungeon.
             The game lasted 00:01:39 (4456 turns).

qw the Skirmisher (Minotaur Hexslinger)             Turns: 4456, Time: 00:01:40

Health: -1/61      AC:  4    Str: 16    XL:     7   Next: 76%
Magic:  7/7        EV: 12    Int: 10    God:
Gold:   249        SH:  0    Dex: 15    Spells: 7/8 levels left

rFire   + . .        Y - +0 shortbow
rCold   + . .        (shield currently unavailable)
rNeg    . . .        d - +0 leather armour of Autumn {Contam rPois rF+ Str+4 Slay+3}
rPois   +            (helmet restricted)
rElec   .            (no cloak)
rCorr   .            (no gloves)
SInv    .            g - +0 pair of boots
Will    .....        (no amulet)
Stlth   +            b - ring of protection from cold
HPRegen 0.30/turn    (no ring)
MPRegen 0.10/turn

%: no passive effects
@: no status effects
A: horns 2, retaliatory headbutt
a: no special abilities


You were on level 6 of the Dungeon.
You visited 2 branches of the dungeon, and saw 7 of its levels.

You collected 249 gold pieces.


Innate Abilities, Weirdness & Mutations

You have a pair of horns on your head.
You reflexively headbutt those who attack you in melee.


   Skills:
 - Level 5.0 Fighting
 + Level 8.2 Ranged Weapons
 - Level 1.4 Armour
 - Level 3.3 Dodging
 - Level 1.0 Spellcasting
 - Level 2.0 Hexes


You had 7 spell levels left.
You knew the following spells:

 Your Spells              Type           Power      Damage    Failure   Level
a - Slow                  Hex            16%        N/A       19%         1

Your spell library contained the following spells:

 Spells                   Type           Power      Damage    Failure   Level
 Inner Flame              Hex/Fire       2%         N/A       63%         3
 Portal Projectile        Hex/Tloc       4%         N/A       63%         3
 Cause Fear               Hex            2%         N/A       88%         4

Inventory:

Hand Weapons
 Y - a +0 shortbow (weapon)
Armour
 d - the +0 leather armour of Autumn (worn) {Contam rPois rF+ Str+4 Slay+3}
   (You found it on level 2 of the Dungeon)

   Str:       It affects your strength (+4).
   Slay:      It affects your accuracy & damage with ranged weapons and melee
   (+3).
   rF:        It protects you from fire.
   rPois:     It protects you from poison.
   Contam:    It causes magical contamination when unequipped.
 g - a +0 pair of boots (worn)
Jewellery
 b - a ring of protection from cold (left hand)
Wands
 p - a wand of digging (6)
Scrolls
 c - a scroll of identify
Potions
 a - 2 potions of heal wounds
 e - 3 potions of curing
 i - a potion of mutation {unknown}
 j - 2 potions of enlightenment
 k - a potion of haste {unknown}
 n - a potion of ambrosia {unknown}
 o - a potion of degeneration {unknown}

Dungeon Overview and Level Annotations

Branches:
Dungeon (6/15)             Temple (1/1) D:4

Altars:
Fedhas
Gozag
Hepliaklqana
Kikubaaqudgha
Makhleb
Ru
Sif Muna
Trog
Xom
Yredelemnul
The Shining One

Annotations:
D:2 1 runed translucent door, Crazy Yiuf


Message History

You see here a potion of enlightenment.
Enter note:
Enter note:
Enter note: You shoot an arrow.
The two-headed ogre shouts in stereo!
The arrow hits the two-headed ogre!
The two-headed ogre is lightly wounded.
You shoot an arrow. The arrow hits the two-headed ogre.
The two-headed ogre is moderately wounded.
You shoot an arrow. The arrow hits the two-headed ogre.
The two-headed ogre is moderately wounded.
You shoot an arrow. The arrow hits the two-headed ogre.
The two-headed ogre is moderately wounded.
You shoot an arrow. The arrow hits the two-headed ogre.
The two-headed ogre is moderately wounded.
You shoot an arrow. The arrow hits the two-headed ogre.
The two-headed ogre is moderately wounded.
You shoot an arrow. The arrow hits the two-headed ogre.
The two-headed ogre is heavily wounded.
The two-headed ogre barely misses you. The two-headed ogre misses you.
You shoot an arrow. The arrow hits the two-headed ogre!
The two-headed ogre is heavily wounded.
The two-headed ogre hits you with a +0 giant club!
The two-headed ogre hits you with a +0 dire flail!
You shoot an arrow. The arrow hits the two-headed ogre.
The two-headed ogre is severely wounded.
You shoot an arrow. The arrow hits the two-headed ogre.
The two-headed ogre is severely wounded.
The two-headed ogre closely misses you. x2
You shoot an arrow.
The arrow barely misses the two-headed ogre.
The two-headed ogre hits you with a +0 giant club!
The two-headed ogre hits you with a +0 dire flail!
You shoot an arrow. The arrow hits the two-headed ogre.
The two-headed ogre is almost dead.
You shoot an arrow. The arrow hits the two-headed ogre!
The two-headed ogre is almost dead.
The two-headed ogre hits you with a +0 giant club!!
You die...

........## .. ...
........##.. ...#
........... #..#
#.......... #####..#
#........ ...#...#
#...... ......# ##..O.#
.....# #...@.# .....###
##..<.##
.......#####.....##
...<..............##
...................##.
.......................
.....####.............#
.##...# ###..........##
.##...## ##.........#


You could see a two-headed ogre.

Vanquished Creatures
  An ice beast (D:5)
  An ogre (D:5)
  A black bear (D:5)
  A centaur (D:5)
  3 hounds
  4 jellies
  Jessica (D:2)
  Terence (D:2)
  An iguana (D:6)
  Natasha (thrice) (D:3)
  5 adders
  A gnoll (D:1)
  2 white imps
  3 worms
  2 dart slugs (D:2)
  10 orcs
  10 endoplasms
  7 giant cockroaches
  3 goblins (D:2)
  2 hobgoblins (D:1)
  12 jackals
  2 quokkas
  5 ball pythons
  3 bats
  6 frilled lizards
  10 kobolds
  3 rats (D:2)
103 creatures vanquished.

Notes
Turn   | Place    | Note
-------+----------+-------------------------------------------
     0 | D:1      | qw the Minotaur Hexslinger began the quest for the Orb.
     0 | D:1      | Reached XP level 1. HP: 16/16 MP: 1/1
     0 | D:1      | 0 ||| qw: Version: 0.3-a-52-g30416fa
     0 | D:1      | 0 ||| qw: Game counter: 7445
     0 | D:1      | 0 ||| qw: Melee chars always use a shield: true
     0 | D:1      | 0 ||| qw: God list: Okawaru
     0 | D:1      | 0 ||| qw: Allow faded altars: false
     0 | D:1      | 0 ||| qw: Do Orc after clearing Dungeon:15 true
     0 | D:1      | 0 ||| qw: Do second Lair branch before Depths: true
     0 | D:1      | 0 ||| qw: Lair rune preference: random
     0 | D:1      | 0 ||| qw: Goals: Normal
     0 | D:1      | 0 ||| PLANNING D:1-11
    69 | D:1      | Reached skill level 3 in Ranged Weapons
    78 | D:1      | Reached XP level 2. HP: 23/23 MP: 2/2
   226 | D:1      | Reached XP level 3. HP: 29/29 MP: 3/3
   586 | D:1      | Found a faded altar of an unknown god.
   843 | D:1      | 843 ||| READING scroll labelled XEOVIJ UJEFIN.
   844 | D:1      | 844 ||| READING scroll labelled IBRIUH YTSIB.
   898 | D:1      | 898 ||| READING 3 scrolls labelled SOS YTSIKKAO.
   899 | D:1      | 899 ||| DROPPING scroll of poison.
   900 | D:1      | 900 ||| DROPPING 2 scrolls of revelation.
   940 | D:2      | 940 ||| FLEEEEING.
   949 | D:2      | 949 ||| STAIRDANCE
  1019 | D:2      | Reached skill level 4 in Ranged Weapons
  1190 | D:2      | Reached XP level 4. HP: 36/36 MP: 4/4
  1277 | D:2      | Identified the +0 leather armour of Autumn {Contam rPois
                  | rF+ Str+4 Slay+3}
  1364 | D:2      | Noticed Jessica
  1370 | D:2      | Killed Jessica
  1526 | D:2      | Reached skill level 5 in Ranged Weapons
  1690 | D:2      | Noticed Terence
  1704 | D:2      | Killed Terence
  1705 | D:2      | Reached skill level 3 in Fighting
  1705 | D:2      | Reached XP level 5. HP: 20/45 MP: 5/5
  1869 | D:2      | Found a runed translucent door.
  1870 | D:2      | Noticed Crazy Yiuf
  2134 | D:2      | 2134 ||| UPGRADING to +0 leather armour of Autumn {Contam
                  | rPois rF+ Str+4 Slay+3}.
  2144 | D:2      | 2144 ||| DROPPING +0 robe.
  2145 | D:2      | 2145 ||| UPGRADING to +0 pair of boots.
  2150 | D:2      | 2150 ||| UPGRADING to ring of protection from cold.
  2151 | D:2      | 2151 ||| READING scroll labelled SOIROU IN QENN.
  2152 | D:2      | 2152 ||| READING scroll labelled ROHITUCARE.
  2202 | D:2      | 2202 ||| DRINKING 2 emerald potions.
  2361 | D:3      | Noticed Natasha
  2369 | D:3      | Killed Natasha
  2461 | D:3      | Noticed Natasha
  2465 | D:3      | Killed Natasha
  2709 | D:3      | Reached skill level 6 in Ranged Weapons
  2738 | D:3      | Noticed Natasha
  2752 | D:3      | Killed Natasha
  2753 | D:3      | Reached skill level 1 in Armour
  2968 | D:3      | 2968 ||| DROPPING ring of wizardry.
  2969 | D:3      | 2969 ||| READING 2 scrolls labelled VEKEEN HEIC.
  3070 | D:3      | 3070 ||| READING scroll labelled NIJIMN SE MEIJ.
  3071 | D:3      | 3071 ||| DRINKING 2 fizzy cyan potions.
  3072 | D:3      | 3072 ||| DROPPING scroll of silence.
  3140 | D:4      | 3140 ||| STAIRDANCE
  3237 | D:4      | Reached XP level 6. HP: 52/52 MP: 6/6
  3260 | D:4      | Identified the +1 dagger "Bytweo" {drain, Fly}
  3404 | D:4      | Found a staircase to the Ecumenical Temple.
  3405 | D:4      | 3405 ||| PLANNING TEMPLE
  3405 | D:4      | 3405 ||| READING 3 scrolls of identify.
  3405 | D:4      | 3405 ||| IDENTIFYING viscous yellow potion
  3406 | D:4      | 3406 ||| READING 2 scrolls of identify.
  3406 | D:4      | 3406 ||| IDENTIFYING purple potion
  3407 | D:4      | 3407 ||| DROPPING potion of attraction.
  3408 | D:4      | 3408 ||| DROPPING potion of brilliance.
  3418 | Temple   | Entered the Ecumenical Temple
  3612 | Temple   | 3612 ||| PLANNING D:1-11
  3794 | D:5      | Entered Level 5 of the Dungeon
  3836 | D:5      | Reached skill level 7 in Ranged Weapons
  3836 | D:5      | Reached XP level 7. HP: 35/59 MP: 7/7
  3933 | D:5      | 3933 ||| SWAPPING to +0 shortbow.
  3934 | D:5      | 3934 ||| DROPPING +2 sling of chaos.
  4096 | D:5      | Reached skill level 8 in Ranged Weapons
  4146 | D:5      | Reached skill level 3 in Dodging
  4358 | D:5      | 4358 ||| READING scroll labelled FUAXKUOTEI.
  4359 | D:5      | 4359 ||| READING scroll labelled WYR EKE GAADOMN.
  4360 | D:5      | 4360 ||| DRINKING 2 metallic brown potions.
  4361 | D:5      | 4361 ||| READING 2 scrolls of identify.
  4361 | D:5      | 4361 ||| IDENTIFYING golden potion
  4362 | D:5      | 4362 ||| DROPPING potion of lignification.
  4443 | D:6      | Noticed a two-headed ogre
  4456 | D:6      | Slain by a two-headed ogre

Levels and vault maps discovered:
D:1:      heliophobic_arrival_dark_side_of_the_moon, layout_basic,
          hellmonk_ecumenical_altar_inner_sanctum, serial_forest,
          infiniplex_forest_lined_3_way, infiniplex_forest_end_1,
          infiniplex_forest_3_way, infiniplex_forest_end_double,
          infiniplex_forest_lined_3, infiniplex_forest_split,
          infiniplex_forest_straight_2, infiniplex_forest_lined_corner,
          infiniplex_forest_split
D:2:      layout_loops_corners, serial_glass, glass_columns_a, glass_columns_a,
          glass_columns_a, glass_columns_c, item_on_display_b,
          minmay_worlds_worst_comb, uniq_terence, uniq_crazy_yiuf_cottage,
          uniq_jessica
D:3:      layout_basic, st_stairs_13, uniq_natasha
D:4:      layout_rooms, minmay_temple_entry_slanted
D:5:      layout_rooms
D:6:      layout_layer_cave, grunt_temple_overflow_open, uniq_prince_ribbit1
Temple:   minmay_temple_curvy_loop

Skill      XL: |  1  2  3  4  5  6  7 |
---------------+----------------------+-----
Ranged Weapons | 3 4 5 6 7 8 |  8.2
Fighting       | 2 3 4 5 |  5.0
Armour         | 1 |  1.4
Dodging        | 3 |  3.3
Spellcasting   | |  1.0
Hexes          | |  2.0

Action                     |  1- 3 |  4- 6 |  7- 9 || total
---------------------------+-------+-------+-------++-------
   Fire: Sling             |   104 |   170 |       ||   274
         Shortbow          |       |       |    72 ||    72
    Use: Scroll            |     3 |     6 |     3 ||    12
         Potion            |       |     2 |     1 ||     3
 Armour: Robe              |     5 |     2 |       ||     7
         Leather armour    |       |     7 |     3 ||    10
  Dodge: Dodged            |    36 |    33 |     8 ||    77

Table legend:
 A = Non-vault XP
 B = Vault XP
 C = Vault XP percentage of total XP
 D = Non-vault monster count
 E = Vault monster count
 F = Vault count percentage of total count
                 A         B        C        D         E       F
            +---------+---------+-------+---------+---------+-------
      Total |    1147 |     117 |   9.3 |      96 |       8 |   7.7
            +---------+---------+-------+---------+---------+-------
        D:1 |      59 |       0 |   0.0 |      29 |       0 |   0.0
        D:2 |      70 |      79 |  53.0 |      21 |       5 |  19.2
        D:3 |     114 |      38 |  25.0 |      12 |       3 |  20.0
        D:4 |     261 |       0 |   0.0 |      20 |       0 |   0.0
        D:5 |     565 |       0 |   0.0 |      12 |       0 |   0.0
        D:6 |      78 |       0 |   0.0 |       2 |       0 |   0.0
            +---------+---------+-------+---------+---------+-------
